 Dungeon Crawl Stone Soup version 0.21.1-68-g103a7afc0a (webtiles) character file.

61 SacredBeard the Skirmisher (level 3, -2/30 HPs)
             Began as a Demonspawn Abyssal Knight on Aug 2, 2018.
             Was a Follower of Lugonu.
             Slain by a gnoll (6 damage)
             ... on level 2 of the Dungeon.
             The game lasted 00:08:34 (1340 turns).

SacredBeard the Skirmisher (DsAK)                   Turns: 1340, Time: 00:08:35

Health: -2/30      AC: 11    Str: 12    XL:     3   Next: 83%
Magic:  5/5        EV:  5    Int: 13    God:    Lugonu [*.....]
Gold:   83         SH:  0    Dex: 13    Spells: 2/2 levels left

rFire    . . .     SeeInvis .   a - +1 mace
rCold    . . .     Gourm    .   (no shield)
rNeg     . . .     Faith    .   i - +0 chain mail
rPois    .         Spirit   .   (helmet restricted)
rElec    .         Reflect  .   (no cloak)
rCorr    .         Harm     .   (no gloves)
MR       .....                  (no boots)
Stlth    ..........             (no amulet)
HPRegen  0.10/turn              q - ring of loudness (curse)
MPRegen  0.09/turn              n - +3 ring of protection

@: no status effects
A: antennae 1, nightstalker 1
a: Depart the Abyss, Renounce Religion


You were on level 2 of the Dungeon.
You worshipped Lugonu.
Lugonu was aware of your devotion.
You were hungry.

You visited 1 branch of the dungeon, and saw 2 of its levels.
You visited the Abyss 1 time.

You collected 83 gold pieces.

Inventory:

Hand Weapons
 a - a +1 mace (weapon)
Armour
 b - a +0 leather armour
 i - a +0 chain mail (worn)
Jewellery
 h - an uncursed ring of resist corrosion
 n - a +3 ring of protection (right hand)
 q - a cursed ring of loudness (left hand)
Scrolls
 d - 3 scrolls of teleportation {unknown}
 e - a scroll of blinking {unknown}
 f - a scroll of remove curse {unknown}
 l - a scroll of fog {unknown}
 m - a scroll of immolation {unknown}
 o - a scroll of identify {unknown}
Potions
 g - 2 potions of flight {unknown}
 j - a potion of curing {unknown}
Comestibles
 c - 3 rations
 k - 8 chunks of flesh


   Skills:
 * Level 3.9 Fighting
 + Level 2.3 Maces & Flails
 + Level 2.1 Armour
 * Level 1.3 Dodging
 + Level 0.1 Stealth
 + Level 2.9 Invocations


You had 2 spell levels left.
You didn't know any spells.

Dungeon Overview and Level Annotations

Branches:
Dungeon (2/15)

Altars:


Innate Abilities, Weirdness & Mutations

You have a pair of small antennae on your head.
You are slightly more attuned to the shadows.


Message History

The gnoll is severely wounded.
The kobold barely misses you. The goblin hits you but does no damage.
The gnoll closely misses you. The kobold closely misses you.
Your chain mail prevents you from hitting the gnoll.
The gnoll is severely wounded.
The goblin hits you. The gnoll hits you. x2
The kobold hits you but does no damage. The gnoll hits you.
The goblin barely misses you.
You hit the gnoll.
The gnoll is severely wounded.
The gnoll hits you. The kobold hits you but does no damage. The gnoll hits you.
* * * LOW HITPOINT WARNING * * *
The goblin hits you but does no damage. The gnoll hits you.
* * * LOW HITPOINT WARNING * * *
You hit the gnoll.
The gnoll is almost dead.
The kobold hits you but does no damage. The goblin hits you.
* * * LOW HITPOINT WARNING * * *
The gnoll hits you.
You die...

.######.#...<..........## .##
#.#...............###### ..#
###......................
#.###.....................>..
......#.#...........(....####
#..##..........#......[.##
##........#..).<........#########
#.............g.................
##..........#..g@K.....#......###
...........###.g###.(.......(....
...........# #......###......#...
...#######.###.###### ##..#......
...............#K#g#o##..........
######........(#≈≈≈≈≈≈###........
#..###.....({..... ####...### #.
##.(.(#≈≈g≈g≈##.##...# .
#....##.#.#.#..######


You could see 2 gnolls, a goblin and a kobold.

Vanquished Creatures
  An adder (D:2)
  An ooze (D:1)
  2 worms (D:2)
  3 dart slugs
  A leopard gecko (D:1)
  An orc (D:2)
  A ball python (D:1)
  3 bats
  2 giant cockroaches (D:1)
  2 goblins (D:1)
  4 hobgoblins
  4 frilled lizards
  6 kobolds
  3 rats (D:1)
34 creatures vanquished.

Notes
Turn   | Place    | Note
-------+----------+-------------------------------------------
     0 | Abyss:1  | SacredBeard the Demonspawn Abyssal Knight began the quest for the Orb.
     0 | Abyss:1  | Reached XP level 1. HP: 18/18 MP: 2/2
     0 | D:1      | Escaped the Abyss
    70 | D:1      | Reached skill level 1 in Dodging
    70 | D:1      | Gained mutation: You are slightly more attuned to the shadows. [demonic ancestry]
    70 | D:1      | Reached XP level 2. HP: 19/24 MP: 3/3
   284 | D:1      | Reached * piety under Lugonu
   761 | D:1      | Gained mutation: You have a pair of small antennae on your head. [demonic ancestry]
   761 | D:1      | Reached XP level 3. HP: 30/30 MP: 5/5
  1340 | D:2      | Slain by a gnoll

Skill      XL: |  1  2  3 |
---------------+----------+-----
Dodging        | 1 |  1.3
Maces & Flails | 2 |  2.3
Armour         | 2 |  2.1
Fighting       | |  3.9
Stealth        | |  0.1
Invocations    | |  2.9

Action                   || total
-------------------------++-------
Melee: Mace              ||   123
Invok: Depart the Abyss  ||     1
 Stab: Sleeping          ||     2
  Eat: Chunk             ||     1
Armor: Leather armour    ||    17
       Chain mail        ||    81
Dodge: Dodged            ||    45
